TOP OF THE 1ST |
Clemson University Tigers batting - Pitching for Oklahoma State University Cowboys : RHP Jean-Philippe Guéry
|
Pitching: RHP Jean-Philippe Guéry
|
|
Batting: LHB Mario Nunez
|
0-0: Called Strike 0-1: Swinging Strike 0-2: Strikes out looking
|
Batting: LHB Santiago Carrillo
|
0-0: Called Strike 0-1: Ball 1-1: SINGLE (Line Drive, 7S, EV 106.9 MPH)
|
Batting: RHB Josh LeSage
|
0-0: Ball 1-0: Called Strike 1-1: Reached on error, E6 (Groundball, 6, EV 88.8 MPH) Santiago Carrillo to second
|
Batting: RHB Jason Duncan
|
0-0: Fielders Choice at 2nd, 6-4 (Groundball, 6, EV 88.8 MPH) Santiago Carrillo to third
|
Batting: LHB Jochen Salt
|
0-0: Ball 1-0: Ball 2-0: Foul Ball, location: 2F 2-1: Ball 3-1: DOUBLE (Line Drive, 9LM, EV 102.5 MPH) Santiago Carrillo scores Jason Duncan to third Runner from 3rd tries for Home, SAFE, throw by RF to trailing runner, SAFE at third!
|
Batting: LHB David Fiedler
|
0-0: Ball 1-0: Ball 2-0: Ball 3-0: Base on Balls
|
Batting: LHB Tony Rivera
|
0-0: Ball 1-0: Called Strike 1-1: 3-RUN HOME RUN (Flyball, 89XD, EV 103.1 MPH), Distance : 439 ft
|
Batting: RHB Danny Gutierrez
|
0-0: Ball 1-0: Ball 2-0: Fly out, F9 (Line Drive, 9, EV 91.2 MPH)
|
Top of the 1st over - 5 runs, 3 hits, 1 error, 0 left on base; Clemson University 5 - Oklahoma State University 0 |
BOTTOM OF THE 1ST |
Oklahoma State University Cowboys batting - Pitching for Clemson University Tigers : RHP David Padron
|
Pitching: RHP David Padron
|
|
Batting: RHB Simon Gravitt
|
0-0: Ball 1-0: Called Strike 1-1: Ball 2-1: Foul Ball, location: 2F 2-2: Foul Ball, location: 2F 2-2: Fly out, F8 (Flyball, 8RXD, EV 98.8 MPH)
|
Batting: RHB Jon Guzman
|
0-0: Ball 1-0: Foul Ball, location: 2F 1-1: Fly out, F8 (Flyball, 8LD, EV 86.9 MPH)
|
Batting: LHB Kyle David
|
0-0: Called Strike 0-1: Ball 1-1: Ball 2-1: SOLO HOME RUN (Line Drive, 9D, EV 105.0 MPH), Distance : 393 ft
|
Batting: LHB Jeff Williams
|
0-0: Ball 1-0: Fly out, F7 (Flyball, 7S, EV 89.4 MPH)
|
Bottom of the 1st over - 1 run, 1 hit, 0 errors, 0 left on base; Clemson University 5 - Oklahoma State University 1 |
TOP OF THE 2ND |
Clemson University Tigers batting - Pitching for Oklahoma State University Cowboys : RHP Jean-Philippe Guéry
|
Batting: RHB David Rhodes
|
0-0: Called Strike 0-1: Foul Ball, location: 2F 0-2: Ground out 4-3 (Groundball, 4MD, EV 109.4 MPH)
|
Batting: LHB Mario Nunez
|
0-0: Swinging Strike 0-1: Fly out, F7 (Flyball, 7LD, EV 93.1 MPH)
|
Batting: LHB Santiago Carrillo
|
0-0: Fly out, F8 (Flyball, 8LXD, EV 104.4 MPH)
|
Top of the 2nd over - 0 runs, 0 hits, 0 errors, 0 left on base; Clemson University 5 - Oklahoma State University 1 |
BOTTOM OF THE 2ND |
Oklahoma State University Cowboys batting - Pitching for Clemson University Tigers : RHP David Padron
|
Batting: RHB Magnus Laursen
|
0-0: Ball 1-0: Ground out 5-3 (Groundball, 56S, EV 85.0 MPH)
|
Batting: RHB Bill Tremblett
|
0-0: Ball 1-0: Foul Ball, location: 2F 1-1: Ball 2-1: Fly out, F3 (Line Drive, 34D, EV 70.6 MPH)
|
Batting: RHB Estevan Alvarez
|
0-0: Foul Ball, location: 2F 0-1: Fly out, F8 (Flyball, 8LS, EV 82.5 MPH)
|
Bottom of the 2nd over - 0 runs, 0 hits, 0 errors, 0 left on base; Clemson University 5 - Oklahoma State University 1 |
TOP OF THE 3RD |
Clemson University Tigers batting - Pitching for Oklahoma State University Cowboys : RHP Jean-Philippe Guéry
|
Batting: RHB Josh LeSage
|
0-0: Called Strike 0-1: Ground out 4-3 (Groundball, 4, EV 85.6 MPH)
|
Batting: RHB Jason Duncan
|
0-0: Called Strike 0-1: Called Strike 0-2: DOUBLE (Line Drive, 7LM, EV 100.6 MPH)
|
Batting: LHB Jochen Salt
|
0-0: SINGLE (Groundball, 34D, EV 95.6 MPH) Jason Duncan to third
|
Batting: LHB David Fiedler
|
0-0: Called Strike 0-1: Called Strike 0-2: Fly out, F8 (Flyball, 8RM, EV 82.5 MPH)
|
Batting: LHB Tony Rivera
|
0-0: Swinging Strike 0-1: Ball 1-1: Swinging Strike 1-2: Ball 2-2: Ball 3-2: Fly out, F8 (Flyball, 78M, EV 91.9 MPH)
|
Top of the 3rd over - 0 runs, 2 hits, 0 errors, 2 left on base; Clemson University 5 - Oklahoma State University 1 |
BOTTOM OF THE 3RD |
Oklahoma State University Cowboys batting - Pitching for Clemson University Tigers : RHP David Padron
|
Batting: RHB Frederik Koster
|
0-0: Ball 1-0: Foul Ball, location: 2RF, Error on foul ball, E2 1-1: SINGLE (Groundball, 25, EV 69.4 MPH) (infield hit)
|
Batting: RHB Jean-Philippe Guéry
|
0-0: Called Strike 0-1: Called Strike 0-2: Ball Passed Ball! Frederik Koster to second 1-2: Strikes out swinging, 2-3 out at first.
|
Batting: RHB Simon Gravitt
|
0-0: Ground out 2-3 (Groundball, 2R, EV 75.0 MPH) Frederik Koster to third
|
Batting: RHB Jon Guzman
|
0-0: Ground out 5-3 (Groundball, 56, EV 106.9 MPH)
|
Bottom of the 3rd over - 0 runs, 1 hit, 1 error, 1 left on base; Clemson University 5 - Oklahoma State University 1 |
TOP OF THE 4TH |
Clemson University Tigers batting - Pitching for Oklahoma State University Cowboys : RHP Jean-Philippe Guéry
|
Batting: RHB Danny Gutierrez
|
0-0: Called Strike 0-1: Fly out, F6 (Line Drive, 6, EV 66.9 MPH)
|
Batting: RHB David Rhodes
|
0-0: Ball 1-0: Ball 2-0: Ball 3-0: Called Strike 3-1: Foul Ball, location: 2F 3-2: Base on Balls
|
Batting: LHB Mario Nunez
|
0-0: Called Strike 0-1: Ball 1-1: Ball 2-1: Grounds into double play, 4-6-3 (Groundball, 4, EV 80.0 MPH)
|
Top of the 4th over - 0 runs, 0 hits, 0 errors, 0 left on base; Clemson University 5 - Oklahoma State University 1 |
BOTTOM OF THE 4TH |
Oklahoma State University Cowboys batting - Pitching for Clemson University Tigers : RHP David Padron
|
Batting: LHB Kyle David
|
0-0: Ball 1-0: SOLO HOME RUN (Flyball, 9D, EV 96.2 MPH), Distance : 389 ft
|
Batting: LHB Jeff Williams
|
0-0: Called Strike 0-1: Called Strike 0-2: Ball 1-2: Fly out, F9 (Line Drive, 8RM, EV 89.4 MPH)
|
Batting: RHB Magnus Laursen
|
0-0: Called Strike 0-1: SINGLE (Flyball, 7LS, EV 91.2 MPH)
|
Batting: RHB Bill Tremblett
|
0-0: Called Strike 0-1: Called Strike 0-2: Foul Ball, location: 2F 0-2: Ball 1-2: Fly out, F7 (Flyball, 7, EV 78.1 MPH)
|
Batting: RHB Estevan Alvarez
|
0-0: SINGLE (Groundball, 6D, EV 93.8 MPH) Magnus Laursen to second Runner from 2nd tries for 3rd, SAFE, throw by CF made to third
|
Batting: RHB Frederik Koster
|
0-0: Ball 1-0: Ball Wild Pitch! Magnus Laursen scores Estevan Alvarez to second 2-0: Ground out 4-3 (Groundball, 34, EV 85.0 MPH)
|
Bottom of the 4th over - 2 runs, 3 hits, 0 errors, 1 left on base; Clemson University 5 - Oklahoma State University 3 |
TOP OF THE 5TH |
Clemson University Tigers batting - Pitching for Oklahoma State University Cowboys : RHP Jean-Philippe Guéry
|
Batting: LHB Santiago Carrillo
|
0-0: Ball 1-0: Swinging Strike 1-1: DOUBLE (Flyball, 89D, EV 112.5 MPH)
|
Batting: RHB Josh LeSage
|
0-0: Foul Ball, location: 2F 0-1: Fly out, F9 (Flyball, 89S, EV 93.8 MPH)
|
Batting: RHB Jason Duncan
|
0-0: Foul Ball, location: 2F 0-1: Ball 1-1: Ball 2-1: Foul Ball, location: 2F 2-2: Strikes out looking
|
Batting: LHB Jochen Salt
|
0-0: Ball 1-0: Called Strike 1-1: Called Strike 1-2: Ball 2-2: Foul Ball, location: 2F 2-2: Foul Ball, location: 2F 2-2: Ball 3-2: Foul Ball, location: 2F 3-2: Foul Ball, location: 2F 3-2: Strikes out swinging
|
Top of the 5th over - 0 runs, 1 hit, 0 errors, 1 left on base; Clemson University 5 - Oklahoma State University 3 |
BOTTOM OF THE 5TH |
Oklahoma State University Cowboys batting - Pitching for Clemson University Tigers : RHP David Padron
|
Batting: RHB Jean-Philippe Guéry
|
0-0: Fly out, F7 (Flyball, 78M, EV 90.0 MPH)
|
Batting: RHB Simon Gravitt
|
0-0: Ball 1-0: Called Strike 1-1: Called Strike 1-2: Ground out 5-3 (Groundball, 56S, EV 89.4 MPH)
|
Batting: RHB Jon Guzman
|
0-0: Foul Ball, location: 2F 0-1: Called Strike 0-2: Ball 1-2: Foul Ball, location: 2F 1-2: Ground out 4-3 (Groundball, 34D, EV 106.2 MPH)
|
Bottom of the 5th over - 0 runs, 0 hits, 0 errors, 0 left on base; Clemson University 5 - Oklahoma State University 3 |
TOP OF THE 6TH |
Clemson University Tigers batting - Pitching for Oklahoma State University Cowboys : RHP Jean-Philippe Guéry
|
Batting: LHB David Fiedler
|
0-0: Called Strike 0-1: Swinging Strike 0-2: Ball 1-2: Ground out 4-3 (Groundball, 4, EV 87.5 MPH)
|
Batting: LHB Tony Rivera
|
0-0: Ball 1-0: Ball 2-0: Foul Ball, location: 2F 2-1: Fly out, F4 (Popup, 4MD, EV 75.0 MPH)
|
Batting: RHB Danny Gutierrez
|
0-0: Foul Ball, location: 2F 0-1: Ball 1-1: Called Strike 1-2: SINGLE (Groundball, 34D, EV 105.0 MPH)
|
Pitching: LHP Tony Bustillos
|
|
Batting: RHB David Rhodes
|
0-0: Ball 1-0: DOUBLE (Line Drive, 8LD, EV 96.2 MPH) Danny Gutierrez to third Runner from 3rd tries for Home, SAFE, no throw by CF
|
Batting: LHB Mario Nunez
|
0-0: Ball Wild Pitch! David Rhodes to third 1-0: Ground out 5-3 (Groundball, 56, EV 105.6 MPH)
|
Top of the 6th over - 1 run, 2 hits, 0 errors, 1 left on base; Clemson University 6 - Oklahoma State University 3 |
BOTTOM OF THE 6TH |
Oklahoma State University Cowboys batting - Pitching for Clemson University Tigers : RHP David Padron
|
Pitching: RHP John Sweet
|
|
Batting: LHB Kyle David
|
0-0: Foul Ball, location: 2F 0-1: Ball 1-1: Called Strike 1-2: Strikes out swinging
|
Batting: LHB Jeff Williams
|
0-0: Foul Ball, location: 2F 0-1: Swinging Strike 0-2: Ball 1-2: Ball 2-2: Strikes out looking
|
Batting: RHB Magnus Laursen
|
0-0: Called Strike 0-1: Called Strike 0-2: Ball 1-2: Ball 2-2: Ground out 4-3 (Groundball, 4, EV 101.9 MPH)
|
Bottom of the 6th over - 0 runs, 0 hits, 0 errors, 0 left on base; Clemson University 6 - Oklahoma State University 3 |
TOP OF THE 7TH |
Clemson University Tigers batting - Pitching for Oklahoma State University Cowboys : LHP Tony Bustillos
|
Batting: LHB Santiago Carrillo
|
0-0: Ball 1-0: Ball 2-0: Ball 3-0: Base on Balls
|
Batting: RHB Josh LeSage
|
0-0: Foul Ball, location: 2F 0-1: Ball 1-1: 2-RUN HOME RUN (Flyball, 78XD, EV 108.8 MPH), Distance : 442 ft
|
Batting: RHB Jason Duncan
|
0-0: Called Strike 0-1: Swinging Strike 0-2: Ball 1-2: Foul Ball, location: 2F 1-2: Fly out, F9 (Flyball, 9D, EV 95.6 MPH)
|
Batting: LHB Jochen Salt
|
0-0: Ball 1-0: Ball 2-0: Ground out 4-3 (Groundball, 4, EV 111.2 MPH)
|
Batting: LHB David Fiedler
|
0-0: Ball 1-0: Swinging Strike 1-1: Foul Ball, location: 2F 1-2: Strikes out swinging
|
Top of the 7th over - 2 runs, 1 hit, 0 errors, 0 left on base; Clemson University 8 - Oklahoma State University 3 |
BOTTOM OF THE 7TH |
Oklahoma State University Cowboys batting - Pitching for Clemson University Tigers : RHP John Sweet
|
Batting: RHB Bill Tremblett
|
0-0: Ball 1-0: Swinging Strike 1-1: Ball 2-1: Foul Ball, location: 2F 2-2: Ground out 6-3 (Groundball, 6, EV 106.9 MPH)
|
Batting: RHB Estevan Alvarez
|
0-0: Ball 1-0: Swinging Strike 1-1: Ball 2-1: Ball 3-1: Called Strike 3-2: Base on Balls
|
Pitching: LHP Salvatore Vasquez
|
|
Batting: RHB Frederik Koster
|
0-0: Ball 1-0: Called Strike 1-1: Ball 2-1: Foul Ball, location: 2F 2-2: Ball 3-2: Foul Ball, location: 2F 3-2: Base on Balls Estevan Alvarez to second
|
Batting: RHB Jean-Philippe Guéry
|
0-0: Foul Ball, location: 2F 0-1: Foul Ball, location: 2F 0-2: Ball 1-2: SINGLE (Line Drive, 89S, EV 101.9 MPH) Estevan Alvarez to third Frederik Koster to second
|
Batting: RHB Simon Gravitt
|
0-0: Called Strike 0-1: Grounds into fielders choice 1-2 (Groundball, 13S, EV 73.1 MPH) Frederik Koster to third Jean-Philippe Guéry to second
|
Batting: RHB Jon Guzman
|
0-0: Ball 1-0: Ball 2-0: Foul Ball, location: 2F 2-1: Ball 3-1: Base on Balls Frederik Koster scores Jean-Philippe Guéry to third Simon Gravitt to second
|
Pitching: RHP Dustin DeMent
|
|
Batting: LHB Kyle David
|
0-0: Ball 1-0: Foul Ball, location: 2F 1-1: Ball 2-1: Foul Ball, location: 2F 2-2: Ball 3-2: Base on Balls Jean-Philippe Guéry scores Simon Gravitt to third Jon Guzman to second
|
Batting: LHB Jeff Williams
|
0-0: Ball 1-0: Swinging Strike 1-1: Foul Ball, location: 2F 1-2: Foul Ball, location: 2F 1-2: Ball 2-2: Ball 3-2: Ground out 6-3 (Groundball, 6, EV 91.2 MPH)
|
Bottom of the 7th over - 2 runs, 1 hit, 0 errors, 3 left on base; Clemson University 8 - Oklahoma State University 5 |
TOP OF THE 8TH |
Clemson University Tigers batting - Pitching for Oklahoma State University Cowboys : LHP Tony Bustillos
|
Pitching: RHP Mick Conner
|
|
Pinch Hitting: LHB Alfredo Padilla
|
0-0: Ball 1-0: Called Strike 1-1: Ball 2-1: Foul Ball, location: 2F 2-2: Strikes out swinging
|
Batting: RHB Danny Gutierrez
|
0-0: Fly out, F7 (Line Drive, 78M, EV 105.0 MPH)
|
Batting: RHB David Rhodes
|
0-0: Ball 1-0: Ball 2-0: DOUBLE (Flyball, 89D, EV 95.6 MPH)
|
Batting: LHB Mario Nunez
|
0-0: Called Strike 0-1: Called Strike 0-2: Ball 1-2: Strikes out looking
|
Top of the 8th over - 0 runs, 1 hit, 0 errors, 1 left on base; Clemson University 8 - Oklahoma State University 5 |
BOTTOM OF THE 8TH |
Oklahoma State University Cowboys batting - Pitching for Clemson University Tigers : RHP Dustin DeMent
|
Now in RF: Steve Gates
|
|
Batting: RHB Magnus Laursen
|
0-0: Ball 1-0: Ball 2-0: Called Strike 2-1: Ground out U3 (Groundball, 13, EV 92.5 MPH)
|
Batting: RHB Bill Tremblett
|
0-0: Fly out, F8 (Flyball, 8RXD, EV 85.0 MPH)
|
Batting: RHB Estevan Alvarez
|
0-0: Ball 1-0: Ball 2-0: Called Strike 2-1: Fly out, F7 (Flyball, 7, EV 88.8 MPH)
|
Bottom of the 8th over - 0 runs, 0 hits, 0 errors, 0 left on base; Clemson University 8 - Oklahoma State University 5 |
TOP OF THE 9TH |
Clemson University Tigers batting - Pitching for Oklahoma State University Cowboys : RHP Mick Conner
|
Pitching: RHP Dallas White
|
|
Batting: LHB Santiago Carrillo
|
0-0: Called Strike 0-1: Called Strike 0-2: Ball 1-2: Ball 2-2: SINGLE (Line Drive, 8LS, EV 89.4 MPH)
|
Batting: RHB Josh LeSage
|
0-0: Swinging Strike 0-1: Grounds into double play, 4-6-3 (Groundball, 4, EV 103.8 MPH)
|
Batting: RHB Jason Duncan
|
0-0: Ground out 5-3 (Groundball, 56S, EV 76.2 MPH)
|
Top of the 9th over - 0 runs, 1 hit, 0 errors, 0 left on base; Clemson University 8 - Oklahoma State University 5 |
BOTTOM OF THE 9TH |
Oklahoma State University Cowboys batting - Pitching for Clemson University Tigers : RHP Dustin DeMent
|
Pitching: LHP Will West
|
|
Batting: RHB Frederik Koster
|
0-0: Called Strike 0-1: Ball 1-1: Swinging Strike 1-2: Ground out 6-3 (Groundball, 6, EV 83.1 MPH)
|
Batting: RHB Jean-Philippe Guéry
|
0-0: Ground out U3 (Groundball, 34S, EV 86.2 MPH)
|
Batting: RHB Simon Gravitt
|
0-0: Ball 1-0: Foul Ball, location: 2F 1-1: Ball 2-1: Fly out, F8 (Flyball, 78D, EV 86.2 MPH)
|
Bottom of the 9th over - 0 runs, 0 hits, 0 errors, 0 left on base; Clemson University 8 - Oklahoma State University 5 |
|